 Dungeon Crawl Stone Soup version 0.29-a0-221-gceb61267dd (webtiles) character file.

Game seed: 3897756805856548674

91 Majang the Sneak (level 4, 0/37 HPs)
             Began as a Demonspawn Delver on Feb 26, 2022.
             Slain by a shadow imp (3 damage)
             ... summoned by Natasha
             ... on level 2 of the Dungeon.
             The game lasted 00:07:30 (2049 turns).

Majang the Sneak (Demonspawn Delver)                Turns: 2049, Time: 00:07:31

Health: 0/37       AC:  3    Str: 15    XL:     4   Next: 33%
Magic:  4/4        EV: 11    Int: 11    God:
Gold:   82         SH:  0    Dex: 14    Spells: 3/3 levels left

rFire   . . .      SeeInvis .     - Unarmed
rCold   . . .      Faith    .   (no shield)
rNeg    . . .      Spirit   .   a - +0 leather armour
rPois   .          Reflect  .   (no helmet)
rElec   .          Harm     .   (no cloak)
rCorr   .          Rampage  .   (no gloves)
Will    .....                   (no boots)
Stlth   +++.......              (no amulet)
HPRegen 0.12/turn               (no ring)
MPRegen 0.09/turn               (no ring)

@: slowed, very slow
A: claws 1, ignite blood 1
a: no special abilities


You were on level 2 of the Dungeon.
You visited 1 branch of the dungeon, and saw 5 of its levels.

You collected 82 gold pieces.

Inventory:

Armour
 a - a +0 leather armour (worn)
Jewellery
 h - a ring of fire
Wands
 f - a wand of digging (3)
Scrolls
 b - a scroll of fog
 c - a scroll of enchant armour {unknown}
 e - a scroll of summoning {unknown}
 g - a scroll of blinking {unknown}
 k - 2 scrolls of identify {unknown}
 l - a scroll of brand weapon {unknown}
Potions
 d - a potion of cancellation {unknown}
 i - a potion of attraction {unknown}
 j - a potion of might {unknown}


   Skills:
 + Level 3.7 Fighting
 - Level 1.7 Dodging
 + Level 5.0 Stealth
 * Level 3.2 Unarmed Combat


You had 3 spell levels left.
You didn't know any spells.
Your spell library was empty.

Dungeon Overview and Level Annotations

Branches:
Dungeon (5/15)
 Temple: D:4-7

Altars:

Shops:
D:5 *

Annotations:
D:2 Jessica, Natasha


Innate Abilities, Weirdness & Mutations

You have sharp fingernails.
Your demonic aura sometimes causes spilled blood to erupt in flames.


Message History

Natasha stares at you and mumbles some strange words.
You feel yourself slow down.
You closely miss Natasha.
Natasha is moderately wounded.
Natasha mumbles some strange words.
You scratch Natasha but do no damage.
Natasha is moderately wounded.
Natasha claws you. x2
You scratch Natasha.
Natasha is heavily wounded.
Natasha claws you.
You barely miss Natasha.
Natasha is heavily wounded.
The shadow imp hits you. Natasha claws you.
The shadow imp hits you but does no damage.
You scratch Natasha. Your claw misses Natasha.
Natasha is severely wounded.
Natasha mumbles some strange words.
The shadow imp barely misses you. Natasha completely misses you.
You closely miss Natasha.
Natasha is severely wounded.
The shadow imp hits you but does no damage.
Natasha misses you. The shadow imp hits you.
You scratch Natasha.
Natasha is severely wounded.
Natasha claws you. The shadow imp hits you. x2
* * * LOW HITPOINT WARNING * * *
Natasha mumbles some strange words.
You scratch Natasha but do no damage. Your claw misses Natasha.
Natasha is severely wounded.
The shadow imp misses you. x2; The shadow imp barely misses you.
Natasha barely misses you. The shadow imp hits you.
* * * LOW HITPOINT WARNING * * *
Unknown command.
Okay, then.
You closely miss Natasha.
Natasha is severely wounded.
The shadow imp hits you but does no damage.
The shadow imp hits you.
You die...

#####.##.##.#..####.######*******
#.##.##'#..#..#.# *,,,,,,
#####.##.#.....#..#.# *,,>,,,
.......#.#.....#..#'#######,,,,,,
....####.#.....#...........,,,,,,
....'....#...#.#...........,,,,,,
....######...#.............,,,,,,
....# #...#...5.........,,,,,,
....# #.@.#..@5#'#######,,,,,,
....# ***##.##.#5h#.#************
....# *,,,.....#.....,,,,,,,,,,,,
....# *,,......#..#.##***********
....# *,...<...#..#....,,,,,,,,,*
....# *.J.......#.#.#..,,,,,,,,,,
#...# #.........#.#.#.###********
#...# #.....≈≈≈.#.......,,,,,,,,,
#...# *,,,,,≈_≈,#...#.#**********


You could see Natasha and 3 shadow imps.

Vanquished Creatures
  Natasha (D:2)
  2 dart slugs (D:1)
  An orc (D:3)
  6 endoplasms
  A giant cockroach (D:1)
  6 goblins
  8 hobgoblins
  8 jackals
  2 quokkas
  6 ball pythons
  4 bats
  3 frilled lizards
  A kobold (D:1)
  3 rats
52 creatures vanquished.

Vanquished Creatures (others)
  2 plants (D:1)
2 creatures vanquished.

Grand Total: 54 creatures vanquished

Notes
Turn   | Place    | Note
-------+----------+-------------------------------------------
     0 | D:5      | Majang the Demonspawn Delver began the quest for the Orb.
     0 | D:5      | Reached XP level 1. HP: 18/18 MP: 1/1
   330 | D:3      | Gained mutation: You have sharp fingernails. [demonic
                  | ancestry]
   330 | D:3      | Reached XP level 2. HP: 23/24 MP: 2/2
   474 | D:2      | Noticed Jessica
   476 | D:2      | Noticed Natasha
   492 | D:2      | Killed Natasha
   493 | D:2      | Reached XP level 3. HP: 14/29 MP: 3/3
  1285 | D:1      | Gained mutation: Your demonic aura sometimes causes spilled
                  | blood to erupt in flames. [demonic ancestry]
  1285 | D:1      | Reached XP level 4. HP: 35/35 MP: 4/4
  1848 | D:2      | Reached skill level 5 in Stealth
  1971 | D:2      | Noticed Natasha
  2049 | D:2      | Slain by a shadow imp

Illustrated notes

Levels and vault maps discovered:
D:1:      wheals_arrival_shading, layout_basic, serial_bayou_lake_a
D:2:      layout_basic, hellmonk_ecumenical_altar_pennies_from_heaven,
          uniq_jessica, uniq_natasha, uniq_terence
D:3:      layout_rooms, serial_aquarium, aquarium_bridge_island_small
          [aquarium_subvault_small_open, aquarium_subvault_window,
          aquarium_subvault_balcony, aquarium_subvault_bridge,
          aquarium_subvault_bridge], aquarium_bridge_long_joined
          [aquarium_subvault_bridge, aquarium_subvault_wall,
          aquarium_subvault_window, aquarium_subvault_bridge,
          aquarium_subvault_bridge, aquarium_subvault_window],
          aquarium_window_corner, aquarium_window_corridor_1, aquarium_view_2b,
          aquarium_balcony_1b
D:4:      layout_cave_pods, nicolae_ashenzari_skybound,
          eino_small_chamber_without_monster
D:5:      layout_cave_pools, lemuel_tele_altar, nicolae_dithmenos_the_darkroom,
          serial_shops, nicolae_stop_n_shop_2, nicolae_shop_hallway_plus,
          kennysheep_little_box, uniq_blork_the_orc, uniq_crazy_yiuf_cottage

Skill      XL: |  1  2  3  4 |
---------------+-------------+-----
Unarmed Combat | 2 3 |  3.2
Stealth        | 5 |  5.0
Fighting       | |  3.7
Dodging        | |  1.7

Action                   |  1- 3 |  4- 6 || total
-------------------------+-------+-------++-------
Melee: Unarmed           |   125 |    55 ||   180
       Punch             |     1 |       ||     1
  Use: Potion            |     1 |       ||     1
       Scroll            |     2 |       ||     2
 Stab: Sleeping          |     6 |     2 ||     8
Armor: Leather armour    |    25 |    15 ||    40
Dodge: Dodged            |    72 |    37 ||   109

Table legend: (Time is in decaauts)
 A = Elapsed time spent in this place.
 B = Non-inter-level travel time spent in this place.
 C = Inter-level travel time spent in this place.
 D = Time resting spent in this place.
 E = Time spent auto-exploring this place.
 F = Levels seen in this place.
 G = Mean time per level.
                   A        B        C        D        E       F      G
               +--------+--------+--------+--------+--------+-----+--------+
         Total |   2056 |   2030 |     26 |    676 |    768 |   5 |  411.2 |
       Dungeon |   2056 |   2030 |     26 |    676 |    768 |   5 |  411.2 |
               +--------+--------+--------+--------+--------+-----+--------+

Top non-repeatable levels by time:
     D:1: 1107 daAuts
     D:2: 586 daAuts
     D:3: 284 daAuts
     D:4: 73 daAuts
     D:5: 5 daAuts
